 Dungeon Crawl Stone Soup version 0.26-a0-1205-g4083c211ab (webtiles) character file.

Game seed: 8698284973742206436

1631 pistachioham the Thaumaturge (level 8, -16/41 HPs)
             Began as a Deep Elf Hedge Wizard on Dec 29, 2020.
             Was a Believer of Fedhas.
             Killed from afar by a steam dragon (21 damage)
             ... with a ball of steam
             ... on level 7 of the Dungeon on Dec 30, 2020.
             The game lasted 01:02:07 (9383 turns).

pistachioham the Thaumaturge (DEWz)                 Turns: 9383, Time: 01:02:07

Health: -16/41     AC:  4    Str:  7    XL:     8   Next: 65%
Magic:  19/23      EV: 13    Int: 21    God:    Fedhas [**....]
Gold:   341        SH:  0    Dex: 15    Spells: 7/25 levels left

rFire    . . .     SeeInvis .   a - +0 shortbow
rCold    + . .     Faith    .   (shield currently unavailable)
rNeg     . . .     Spirit   .   D - +0 robe
rPois    .         Reflect  .   c - +0 hat
rElec    .         Harm     .   (no cloak)
rCorr    +         Rampage  .   (no gloves)
Will     .....                  p - +1 pair of boots
Stlth    ++........             (no amulet)
HPRegen  0.13/turn              j - ring of protection from cold
MPRegen  0.18/turn              s - ring of resist corrosion

@: no status effects
A: no striking features
a: Renounce Religion, Wall of Briars


You were on level 7 of the Dungeon.
You worshipped Fedhas.
Fedhas was pleased with you.
You visited 2 branches of the dungeon, and saw 8 of its levels.

You collected 341 gold pieces.

Inventory:

Hand Weapons
 a - a +0 shortbow (weapon)
 b - a +4 falchion of venom
 v - a +2 spear of flaming
 w - a +0 dagger
Missiles
 i - 307 arrows (quivered ammo)
Armour
 c - a +0 hat (worn)
 p - a +1 pair of boots (worn)
 D - a +0 robe (worn)
Jewellery
 j - a ring of protection from cold (left hand)
 o - an uncursed amulet of guardian spirit {unknown}
 s - a ring of resist corrosion (right hand)
 y - an uncursed ring of positive energy {unknown}
 C - an uncursed amulet of the acrobat {unknown}
Scrolls
 d - 10 scrolls of identify
 e - a scroll of blinking
 f - a scroll of remove curse
 h - 4 scrolls of teleportation
 k - a scroll of amnesia
 r - a scroll of enchant armour
 t - a scroll of magic mapping {unknown}
 A - a scroll of immolation {unknown}
Potions
 g - 2 potions of attraction
 l - a potion of ambrosia {unknown}
 m - 2 potions of curing {unknown}
 q - a potion of invisibility {unknown}
 u - a potion of brilliance {unknown}
 x - 2 potions of degeneration {unknown}
 z - a potion of might {unknown}
 B - a potion of magic {unknown}


   Skills:
 * Level 3.3 Bows
 - Level 2.4 Dodging
 + Level 3.4 Stealth
 + Level 9.2 Spellcasting
 - Level 8.1 Conjurations
 + Level 0.3 Hexes
 - Level 1.1 Summonings
 - Level 4.5 Translocations


You had 7 spell levels left.
You knew the following spells:

 Your Spells              Type           Power        Failure   Level
a - Magic Dart            Conj           100%         1%          1
b - Tukima's Dance        Hex            10%          19%         3
c - Conjure Flame         Conj/Fire      26%          4%          3
d - Iskenderun's Mystic   Conj/Tloc      36%          5%          4
e - Mephitic Cloud        Conj/Pois/Air  21%          7%          3
B - Blink                 Tloc           N/A          1%          2
S - Slow                  Hex            10%          10%         2

Your spell library contained the following spells:

 Spells                   Type           Power        Failure   Level
 Call Imp                 Summ           14%          7%          2
 Summon Guardian Golem    Hex/Summ       12%          16%         3
 Leda's Liquefaction      Hex/Erth       5%           54%         4
 Iron Shot                Conj/Erth      13%          90%         6


Dungeon Overview and Level Annotations

Branches:
Dungeon (7/15)             Temple (1/1) D:6

Altars:
Ashenzari
Dithmenos
Fedhas
Kikubaaqudgha
Ru
Sif Muna
Yredelemnul

Annotations:
D:2 1 runed translucent door, 1 exclusion


Message History

You shoot an arrow.
The arrow barely misses the steam dragon.
The steam dragon breathes steam at you. The ball of steam hits you!
* * * LOW HITPOINT WARNING * * *
You feel much better.
You are engulfed in a cloud of scalding steam.
You are engulfed in a cloud of scalding steam.
You are engulfed in a cloud of scalding steam.
* * * LOW HITPOINT WARNING * * *
Fire: 308 arrows
Press: ? - help, Q - select action, (/) - cycle Shift-Dir - straight line, f/p - steam dragon
Aim: a steam dragon (severely wounded, catching its breath)
You shoot an arrow. The arrow hits the steam dragon.
The steam dragon is severely wounded.
The steam dragon breathes steam at you. The ball of steam hits you!!
Ouch! That really hurt!
You die...
Fedhas appreciates your contribution to the ecosystem.

#.# #§#
#§# #D#
#.# #§#
#§# #§#
#@#
##.#######
#.........
#...######
#..## #..#
##..#
#...#
#.#.#


There were no monsters in sight!

Vanquished Creatures
  2 orc warriors
  2 phantoms
  An ogre (D:5)
  3 centaurs (D:6)
  A bullfrog (D:5)
  A water moccasin skeleton (D:6)
  A howler monkey (D:5)
  3 orc priests
  A bullfrog skeleton (D:6)
  3 hounds (D:5)
  A jelly (D:6)
  Jessica (D:2)
  A gnoll shaman (D:4)
  Terence (D:3)
  6 orc wizards
  3 worker ants
  A hound skeleton (D:5)
  A worker ant zombie (D:4)
  3 gnolls
  3 adders
  2 shadow imps (D:5)
  A white imp (D:6)
  2 ufetubi
  2 oozes
  2 worms
  7 dart slugs (D:3)
  5 leopard geckos
  19 orcs
  2 giant cockroaches
  8 goblins
  A hobgoblin (D:3)
  2 jackals (D:3)
  7 kobolds
  3 quokkas
  7 bats
  5 frilled lizards
  3 leopard gecko skeletons (D:4)
  6 rats
123 creatures vanquished.

Vanquished Creatures (others)
  A fungus (D:2)
1 creature vanquished.

Grand Total: 124 creatures vanquished

Notes
Turn   | Place    | Note
-------+----------+-------------------------------------------
     0 | D:1      | pistachioham the Deep Elf Hedge Wizard began the quest for
                  | the Orb.
     0 | D:1      | Reached XP level 1. HP: 10/10 MP: 7/7
   392 | D:1      | Reached XP level 2. HP: 15/15 MP: 7/9
   397 | D:1      | Learned a level 2 spell: Blink
  1035 | D:2      | Noticed Jessica
  1043 | D:2      | Killed Jessica
  1044 | D:2      | Reached skill level 5 in Spellcasting
  1044 | D:2      | Reached XP level 3. HP: 19/19 MP: 1/11
  1473 | D:2      | Found a runed translucent door.
  1511 | D:2      | Found a blossoming altar of Fedhas.
  1512 | D:2      | Found an ancient bone altar of Kikubaaqudgha.
  2078 | D:2      | Upgraded the game from 0.26-a0-1191-ge2a0e31ab3 to
                  | 0.26-a0-1205-g4083c211ab
  2078 | D:2      | Became a worshipper of Fedhas Madash
  2139 | D:3      | Reached XP level 4. HP: 22/24 MP: 8/13
  2426 | D:3      | Noticed Terence
  2932 | D:3      | Learned a level 3 spell: Mephitic Cloud
  2936 | D:3      | Learned a level 3 spell: Conjure Flame
  2939 | D:3      | Learned a level 2 spell: Slow
  2950 | D:3      | Reached skill level 6 in Spellcasting
  3323 | D:3      | Killed Terence
  3541 | D:3      | Reached XP level 5. HP: 28/28 MP: 10/15
  3779 | D:4      | Reached * piety under Fedhas
  3811 | D:5      | Entered Level 5 of the Dungeon
  4434 | D:4      | Noticed a phantom
  4473 | D:4      | Killed a phantom
  4474 | D:4      | Reached XP level 6. HP: 16/32 MP: 3/17
  5111 | D:4      | Found a sacrificial altar of Ru.
  5828 | D:5      | Reached skill level 7 in Spellcasting
  6007 | D:5      | Found a basalt altar of Yredelemnul.
  6021 | D:5      | Reached skill level 5 in Conjurations
  6338 | D:5      | Reached XP level 7. HP: 20/36 MP: 13/19
  7235 | D:6      | Found a shadowy altar of Dithmenos.
  7299 | D:6      | Reached ** piety under Fedhas
  7469 | D:6      | Found a staircase to the Ecumenical Temple.
  7478 | D:6      | Reached skill level 8 in Spellcasting
  7482 | Temple   | Entered the Ecumenical Temple
  7615 | D:6      | Reached XP level 8. HP: 31/41 MP: 9/22
  8651 | D:6      | Reached skill level 1 in Bows
  8663 | D:6      | Reached skill level 9 in Spellcasting
  8957 | D:6      | Identified the Grimoire of Harmful Enchantment
  8963 | D:6      | Learned a level 3 spell: Tukima's Dance
  8968 | D:6      | Learned a level 4 spell: Iskenderun's Mystic Blast
  9383 | D:7      | Killed from afar by a steam dragon

Illustrated notes

Levels and vault maps discovered:
D:1:      minmay_arrival_four_houses, layout_basic
D:2:      layout_basic, grunt_temple_overflow_growth_and_decay,
          minmay_misc_feat_plants, uniq_jessica, uniq_crazy_yiuf_cottage
D:3:      kennysheep_slugbush, layout_basic, uniq_terence
D:4:      layout_gridville, lemuel_crystal_altar
D:5:      layout_basic, grunt_temple_overflow_holy_war
D:6:      layout_cave_pools, grunt_dithmenos_smoke_and_mirrors,
          minmay_temple_entry_antechambers, minivault_27, serial_bayou_pond_e
D:7:      layout_loops_ring
Temple:   compressed_dpeg_triangle_lava_temple

Skill      XL: |  1  2  3  4  5  6  7  8 |
---------------+-------------------------+-----
Spellcasting   | 5 6 7 8 9 |  9.2
Conjurations   | 2 3 4 5 7 8 |  8.1
Translocations | 2 3 4 |  4.5
Bows           | 3 |  3.3
Stealth        | 3 |  3.4
Dodging        | |  2.4
Hexes          | |  0.3
Summonings     | |  1.1

Action                   |  1- 3 |  4- 6 |  7- 9 || total
-------------------------+-------+-------+-------++-------
Melee: Dagger            |    30 |     1 |     1 ||    32
       Falchion          |       |    23 |    36 ||    59
 Fire: Shortbow          |       |       |    25 ||    25
 Cast: Magic Dart        |    71 |   185 |   152 ||   408
       Blink             |     1 |     4 |       ||     5
       Conjure Flame     |       |     2 |     4 ||     6
       Mephitic Cloud    |       |       |     5 ||     5
       Slow              |       |       |     2 ||     2
  Use: Scroll            |       |     7 |       ||     7
       Potion            |       |       |     2 ||     2
 Stab: Sleeping          |     1 |     3 |     2 ||     6
Armor: Robe              |     6 |     5 |    16 ||    27
Dodge: Dodged            |    27 |    46 |    60 ||   133
       Rpst.: Falchion   |       |    16 |    10 ||    26

Table legend: (Time is in decaauts)
 A = Elapsed time spent in this place.
 B = Non-inter-level travel time spent in this place.
 C = Inter-level travel time spent in this place.
 D = Time resting spent in this place.
 E = Time spent auto-exploring this place.
 F = Levels seen in this place.
 G = Mean time per level.
                   A        B        C        D        E       F      G
               +--------+--------+--------+--------+--------+-----+--------+
         Total |   9433 |   8871 |    562 |   3127 |   1452 |   8 | 1179.1 |
       Dungeon |   9431 |   8869 |    562 |   3127 |   1452 |   7 | 1347.3 |
        Temple |      1 |      1 |      0 |      0 |      0 |   1 |    1.0 |
               +--------+--------+--------+--------+--------+-----+--------+

Top non-repeatable levels by time:
     D:5: 2388 daAuts
     D:3: 1829 daAuts
     D:2: 1409 daAuts
     D:4: 1390 daAuts
     D:6: 1368 daAuts
     D:1: 936 daAuts
     D:7: 109 daAuts
  Temple: 1 daAuts
